 Dungeon Crawl Stone Soup version 0.28-a0-1184-g53156a8862 (webtiles) character file.

Game seed: 11677439692260512827

452 emperorscorpion the Shield-Bearer (level 7, -1/59 HPs)
             Began as a Gnoll Fighter on Dec 17, 2021.
             Slain by Eustachio the centaur (10 damage)
             ... on level 4 of the Dungeon.
             The game lasted 00:07:49 (3815 turns).

emperorscorpion the Shield-Bearer (Gnoll Fighter)   Turns: 3815, Time: 00:07:50

Health: -1/59      AC:  7    Str: 21    XL:     7   Next: 5%
Magic:  10/10      EV: 11    Int:  9    God:
Gold:   145        SH:  5    Dex: 12    Spells: 10/10 levels left

rFire   + . .      SeeInvis .   a - +0 war axe
rCold   . . .      Faith    .   c - +0 buckler
rNeg    . . .      Spirit   .   i - +0 ring mail {rPois}
rPois   +          Reflect  .   (no helmet)
rElec   .          Harm     .   (no cloak)
rCorr   .          Rampage  .   (no gloves)
Will    .....                   v - +0 pair of boots
Stlth   +.........              u - amulet of magic regeneration
HPRegen 0.19/turn               o - ring of protection from fire
MPRegen 0.52/turn               r - +6 ring of strength

@: flying, hasted, very quick
A: fangs 1, strong nose, distributed training
a: no special abilities


You were on level 4 of the Dungeon.
You visited 1 branch of the dungeon, and saw 4 of its levels.

You collected 145 gold pieces.

Inventory:

Hand Weapons
 a - a +0 war axe (weapon)
 e - a +0 short sword of holy wrath
 f - a +2 vorpal spear
Missiles
 g - 65 arrows
 l - 27 poisoned darts
 s - 2 throwing nets
Armour
 b - a +0 scale mail
 c - a +0 buckler (worn)
 i - a +0 ring mail of poison resistance (worn)
 v - a +0 pair of boots (worn)
 y - the +0 leather armour "Ighowkam" {-Cast *Slow rN+++ Stlth+}
   (You found it on level 4 of the Dungeon)

   rN:        It renders you almost immune to negative energy.
   -Cast:     It prevents spellcasting.
   *Slow:     It may slow you when you take damage.
   Stlth:     It makes you more stealthy.
Magical Staves
 n - a staff of conjuration
Jewellery
 j - a ring of poison resistance
 o - a ring of protection from fire (left hand)
 r - a +6 ring of strength (right hand)
 u - an amulet of magic regeneration (around neck)
Scrolls
 h - a scroll of immolation {unknown}
 k - a scroll of fear {unknown}
 m - 2 scrolls of amnesia {unknown}
 p - 3 scrolls of magic mapping {unknown}
 t - a scroll of noise {unknown}
 x - a scroll of acquirement {unknown}
Potions
 d - 2 potions of flight


   Skills:
 + Level 6.9 Fighting
 + Level 2.2 Short Blades
 + Level 2.2 Long Blades
 + Level 5.1 Axes
 + Level 2.2 Maces & Flails
 + Level 2.2 Polearms
 + Level 2.2 Staves
 + Level 2.2 Slings
 + Level 2.2 Bows
 + Level 2.2 Crossbows
 + Level 2.2 Throwing
 + Level 6.9 Armour
 + Level 2.2 Dodging
 + Level 2.2 Stealth
 + Level 6.9 Shields
 + Level 2.2 Unarmed Combat
 + Level 2.2 Spellcasting
 + Level 1.8 Conjurations
 + Level 1.8 Hexes
 + Level 1.8 Summonings
 + Level 1.8 Necromancy
 + Level 1.8 Translocations
 + Level 1.8 Transmutations
 + Level 1.8 Fire Magic
 + Level 1.8 Ice Magic
 + Level 1.8 Air Magic
 + Level 1.8 Earth Magic
 + Level 1.8 Poison Magic
 + Level 2.5 Invocations
 + Level 2.2 Evocations


You had 10 spell levels left.
You didn't know any spells.
Your spell library contained the following spells:

 Spells                   Type           Power      Damage    Failure   Level
 Summon Small Mammal      Summ           16%        N/A       24%         1
 Call Canine Familiar     Summ           4%         N/A       58%         3
 Summon Guardian Golem    Hex/Summ       4%         N/A       58%         3


Dungeon Overview and Level Annotations

Branches:
Dungeon (4/15)
 Temple: D:4-7

Altars:

Shops:
D:2 :(:   D:3 ?(*

Annotations:
D:4 Eustachio


Innate Abilities, Weirdness & Mutations

You have very sharp teeth.
Your uncanny sense of smell can sniff out nearby items.
Your experience applies equally to all skills.


Message History

Eustachio closely misses you. x2
You barely miss Eustachio.
Eustachio is severely wounded.
You hit the white imp. Eustachio hits you with a +3 rapier.
You block Eustachio's attack. The white imp hits you.
The white imp freezes you. Eustachio closely misses you.
Eustachio kicks you but does no damage.
The white imp hits you but does no damage.
You hit Eustachio but do no damage.
Eustachio is severely wounded.
You slash the white imp!
You kill the white imp!
The white imp disappears in a puff of smoke! x2
Eustachio says, "Summoning is fun!"
You block Eustachio's attack. Eustachio kicks you but does no damage.
Eustachio hits you with a +3 rapier! Eustachio kicks you but does no damage.
Unknown command.
Unknown command.
You hit Eustachio. You bite Eustachio, but do no damage.
Eustachio is severely wounded.
You miss the quokka. Eustachio barely misses you. You block Eustachio's attack.
The quokka barely misses you. Eustachio hits you with a +3 rapier.
* * * LOW HITPOINT WARNING * * *
Eustachio kicks you but does no damage.
Unknown command.
You feel better. The quokka closely misses you. Eustachio misses you.
You block Eustachio's attack.
It was a potion of flight.
You feel very buoyant.
You fly up into the air.
Eustachio hits you with a +3 rapier!
* * * LOW HITPOINT WARNING * * *
Eustachio kicks you but does no damage. The quokka misses you.
The quokka bites you but does no damage.
Eustachio hits you with a +3 rapier.
* * * LOW HITPOINT WARNING * * *
Eustachio kicks you.
* * * LOW HITPOINT WARNING * * *
It was a potion of haste.
You feel yourself speed up. Eustachio hits you with a +3 rapier!
You die...

# #.. ∆ # ..# # #.#
#.. ....# #5# ...####
## #r# #.....## ...#
#r# ## #......###
#...##@#
.####..##.....
#..$c##........#.###.
####...####..#.#.# #.
#.#...........####
#.#####..[##.....)
#.# #..####.###( #.#
#).####.##.. #.#
#.....#.##.# #.#
##.###...##.#


You could see Eustachio the centaur, a crimson imp (summoned) and 2 quokkas.

Vanquished Creatures
  Sigmund (D:2)
  A centaur skeleton (D:4)
  Natasha (thrice) (D:2)
  Terence (D:2)
  4 gnolls (D:2)
  3 adders
  4 dart slugs
  An orc (D:4)
  8 ball pythons
  5 bats
  10 endoplasms
  5 giant cockroaches
  7 goblins
  9 hobgoblins
  3 quokkas
  10 frilled lizards
  15 kobolds
  11 rats
101 creatures vanquished.

Vanquished Creatures (others)
  A bush (D:2)
  18 plants (D:2)
19 creatures vanquished.

Grand Total: 120 creatures vanquished

Notes
Turn   | Place    | Note
-------+----------+-------------------------------------------
     0 | D:1      | emperorscorpion the Gnoll Fighter began the quest for the
                  | Orb.
     0 | D:1      | Reached XP level 1. HP: 23/23 MP: 1/1
    92 | D:1      | Reached XP level 2. HP: 24/29 MP: 2/2
   298 | D:1      | Reached XP level 3. HP: 34/35 MP: 3/3
   651 | D:1      | Reached skill level 1 in Invocations
   895 | D:2      | Reached skill level 1 in Short Blades
   895 | D:2      | Reached skill level 1 in Long Blades
   895 | D:2      | Reached skill level 1 in Maces & Flails
   895 | D:2      | Reached skill level 1 in Polearms
   895 | D:2      | Reached skill level 1 in Staves
   895 | D:2      | Reached skill level 1 in Slings
   895 | D:2      | Reached skill level 1 in Bows
   895 | D:2      | Reached skill level 1 in Crossbows
   895 | D:2      | Reached skill level 1 in Throwing
   895 | D:2      | Reached skill level 1 in Dodging
   895 | D:2      | Reached skill level 1 in Stealth
   895 | D:2      | Reached skill level 1 in Unarmed Combat
   895 | D:2      | Reached skill level 1 in Spellcasting
   895 | D:2      | Reached skill level 1 in Evocations
   933 | D:2      | Found Raixadd's Book Boutique.
   945 | D:2      | Reached XP level 4. HP: 40/41 MP: 5/5
   951 | D:2      | Noticed Terence
   967 | D:2      | Killed Terence
  1204 | D:2      | Found Gileishra's Antique Weapon Shoppe.
  1224 | D:2      | Found Qivosus's Book Shoppe.
  1234 | D:2      | Reached skill level 1 in Conjurations
  1234 | D:2      | Reached skill level 1 in Hexes
  1234 | D:2      | Reached skill level 1 in Summonings
  1234 | D:2      | Reached skill level 1 in Necromancy
  1234 | D:2      | Reached skill level 1 in Translocations
  1234 | D:2      | Reached skill level 1 in Transmutations
  1234 | D:2      | Reached skill level 1 in Fire Magic
  1234 | D:2      | Reached skill level 1 in Ice Magic
  1234 | D:2      | Reached skill level 1 in Air Magic
  1234 | D:2      | Reached skill level 1 in Earth Magic
  1234 | D:2      | Reached skill level 1 in Poison Magic
  1248 | D:2      | Noticed Natasha
  1268 | D:2      | Killed Natasha
  1269 | D:2      | Reached XP level 5. HP: 4/47 MP: 6/6
  1660 | D:2      | Noticed Sigmund
  1688 | D:2      | Killed Sigmund
  1689 | D:2      | Reached XP level 6. HP: 20/53 MP: 8/8
  1921 | D:2      | Noticed Natasha
  1929 | D:2      | Killed Natasha
  1930 | D:2      | Reached skill level 5 in Axes
  2152 | D:2      | Noticed Natasha
  2159 | D:2      | Killed Natasha
  2750 | D:3      | Found Diemoe Assei's Magic Scroll Shop.
  3136 | D:3      | Found Bijeakk's Assorted Antiques.
  3370 | D:3      | Found Doesih's Weapon Shop.
  3458 | D:3      | Found a faded altar of an unknown god.
  3523 | D:4      | Reached XP level 7. HP: 55/59 MP: 10/10
  3760 | D:4      | Identified the +0 leather armour "Ighowkam" {-Cast *Slow
                  | rN+++ Stlth+}
  3797 | D:4      | Noticed Eustachio
  3804 | D:4      | Noticed Eustachio
  3804 | D:4      | Eustachio changed into Eustachio the centaur
  3815 | D:4      | Slain by Eustachio the centaur

Illustrated notes

Levels and vault maps discovered:
D:1:      dpeg_arrival_ratfight, layout_rooms, minmay_distorted
D:2:      layout_basic, serial_shops, shop, shop,
          nicolae_shop_temple_entry_statues_fountains, lexackson_kobold_supper,
          uniq_sigmund, uniq_natasha, uniq_terence
D:3:      layout_loops_cross, dilly_ecumenical_altar_fadedgnrine, serial_shops,
          shop, shop, nicolae_shop_trees, kennysheep_generic_room_5
D:4:      layout_rooms, mainiacjoe_overflow_alcove_4, uniq_eustachio

Skill      XL: |  1  2  3  4  5  6 |
---------------+-------------------+-----
Invocations    | 1 2 |  2.5
Short Blades   | 1 2 |  2.2
Long Blades    | 1 2 |  2.2
Maces & Flails | 1 2 |  2.2
Polearms       | 1 2 |  2.2
Staves         | 1 2 |  2.2
Slings         | 1 2 |  2.2
Bows           | 1 2 |  2.2
Crossbows      | 1 2 |  2.2
Throwing       | 1 2 |  2.2
Dodging        | 1 2 |  2.2
Stealth        | 1 2 |  2.2
Unarmed Combat | 1 2 |  2.2
Spellcasting   | 1 2 |  2.2
Evocations     | 1 2 |  2.2
Conjurations   | 1 |  1.8
Hexes          | 1 |  1.8
Summonings     | 1 |  1.8
Necromancy     | 1 |  1.8
Translocations | 1 |  1.8
Transmutations | 1 |  1.8
Fire Magic     | 1 |  1.8
Ice Magic      | 1 |  1.8
Air Magic      | 1 |  1.8
Earth Magic    | 1 |  1.8
Poison Magic   | 1 |  1.8
Axes           | 5 |  5.1
Fighting       | |  6.9
Armour         | |  6.9
Shields        | |  6.9

Action                   |  1- 3 |  4- 6 |  7- 9 || total
-------------------------+-------+-------+-------++-------
Melee: War axe           |   112 |   146 |    24 ||   282
       Bite              |     7 |     9 |     4 ||    20
Evoke: Wand              |       |       |     3 ||     3
  Use: Potion            |       |     5 |     3 ||     8
 Stab: Sleeping          |       |     2 |       ||     2
Armor: Scale mail        |    16 |       |       ||    16
       Ring mail         |    31 |    47 |    16 ||    94
Dodge: Dodged            |    35 |    70 |    23 ||   128
Block: Buckler           |    32 |    40 |    14 ||    86

Table legend: (Time is in decaauts)
 A = Elapsed time spent in this place.
 B = Non-inter-level travel time spent in this place.
 C = Inter-level travel time spent in this place.
 D = Time resting spent in this place.
 E = Time spent auto-exploring this place.
 F = Levels seen in this place.
 G = Mean time per level.
                   A        B        C        D        E       F      G
               +--------+--------+--------+--------+--------+-----+--------+
         Total |   3901 |   3794 |    107 |    283 |   2755 |   4 |  975.2 |
       Dungeon |   3901 |   3794 |    107 |    283 |   2755 |   4 |  975.2 |
               +--------+--------+--------+--------+--------+-----+--------+

Top non-repeatable levels by time:
     D:2: 1924 daAuts
     D:3: 846 daAuts
     D:1: 784 daAuts
     D:4: 346 daAuts
